 Dungeon Crawl Stone Soup version 0.30-a0-118-ga018f8e90f (webtiles) character file.

Game seed: 12439501789666671196

240 kae the Firebug (level 5, 0/29 HPs)
             Began as a Deep Elf Fire Elementalist on Sept 13, 2022.
             Slain by a gnoll
             ... wielding a +0 spear
             ... led by a gnoll bouda
              (9 damage)
             ... on level 4 of the Dungeon.
             The game lasted 00:02:57 (3432 turns).

kae the Firebug (Deep Elf Fire Elementalist)        Turns: 3432, Time: 00:02:57

Health: 0/29       AC:  2    Str:  5    XL:     5   Next: 79%
Magic:  11/13      EV: 12    Int: 22    God:
Gold:   217        SH:  0    Dex: 15    Spells: 3/12 levels left

rFire   + . .      SeeInvis .    (no weapon)
rCold   x . .      Faith    .    (no shield)
rNeg    . . .      Spirit   .    a - +0 robe
rPois   .          Reflect  .    (no helmet)
rElec   .          Harm     .    (no cloak)
rCorr   .          Rampage  .    (no gloves)
Will    .....                    (no boots)
Stlth   ++........               (no amulet)
HPRegen 0.09/turn                F - ring of fire
MPRegen 0.13/turn                (no ring)

@: no status effects
A: no striking features
a: no special abilities


You were on level 4 of the Dungeon.
You visited 1 branch of the dungeon, and saw 4 of its levels.

You collected 217 gold pieces.


   Skills:
 + Level 1.3 Fighting
 - Level 2.4 Dodging
 - Level 2.4 Stealth
 + Level 4.0 Spellcasting
 * Level 3.3 Conjurations
 + Level 1.4 Translocations
 * Level 4.8 Fire Magic
 + Level 1.3 Air Magic


You had 3 spell levels left.
You knew the following spells:

 Your Spells              Type           Power      Damage    Failure   Level
a - Foxfire               Conj/Fire      100%       2x1d9     1%          1
b - Scorch                Fire           76%        2d9       2%          2
c - Kindle Blastsparks    Fire/Tloc/Air  46%        2d13      12%         3
d - Inner Flame           Hex/Fire       22%        N/A       12%         3

Your spell library contained the following spells:

 Spells                   Type           Power      Damage    Failure   Level
 Static Discharge         Conj/Air       28%        3-5/arc   6%          2
 Sublimation of Blood     Necr           4%         N/A       17%         2
 Flame Wave               Conj/Fire      33%        2d10      21%         4
 Sticky Flame             Conj/Fire      33%        2d5       21%         4
 Cause Fear               Hex            2%         N/A       73%         4
 Dispel Undead            Necr           4%         3d7       73%         4
 Petrify                  Tmut/Erth      4%         N/A       73%         4
 Irradiate                Conj/Tmut      5%         3d13      83%         5
 Discord                  Hex            2%         N/A       100%        8

Inventory:

Missiles
 f - 14 stones
 m - 5 javelins
Armour
 a - a +0 robe (worn)
Jewellery
 F - a ring of fire (left hand)
   (You found it on level 1 of the Dungeon)
Wands
 g - a wand of mindburst (1)
   (You found it on level 3 of the Dungeon)
Scrolls
 i - 2 scrolls of identify {@r1}
 o - a scroll of fear {unknown}
Potions
 b - a potion of magic
 c - a potion of curing {unknown}
 d - a potion of degeneration {!q}
 e - a potion of brilliance {unknown}
 h - a potion of ambrosia {unknown}
 j - a potion of mutation {unknown}
 k - a potion of heal wounds {unknown}
 l - 2 potions of cancellation {unknown}
 n - a potion of flight {unknown}

Dungeon Overview and Level Annotations

Branches:
Dungeon (4/15) Zot: 20568
 Temple: D:4-7

Altars:
Fedhas
Qazlal

###########
###..<.......
#............
###..รท#######..
#########....)..#
#.........@.....#####.
#.####.##....)........
#.# #.##g#....########
#.##
#.##g#............
#..#
#.##g#.#..####....
##.# #.##.#.#..# # #.#
#.##.#.#..# #.#
#.##.#.#..# #.#
#.##.#....#


You could see 3 gnolls.


Message History

Confirm with . or Enter, or press ? or * to list all spells.
You feel a surge of power!
You conjure some foxfire! ๐Ÿ˜• MP[-1]
You lost 1 mp, and now have 10/12 mp.
A dart slug is nearby!
Casting: Foxfire (safe; 1% risk of failure)
Confirm with . or Enter, or press ? or * to list all spells.
You feel a surge of power!
You conjure some foxfire!
The foxfire hits the dart slug! x2
You kill the dart slug! ๐Ÿ˜• MP[-1]
You lost 1 mp, and now have 9/12 mp.
You see here an adder corpse.
You now have 194 gold pieces (gained 10).
You see here a giant cockroach corpse.
Things that are here:
a +0 dagger; a +0 robe; an orc corpse Key pressed, stopping explore.
Casting: Foxfire (safe; 1% risk of failure)
Confirm with . or Enter, or press ? or * to list all spells.
You feel a surge of power!
You conjure some foxfire! ๐Ÿ˜Ž HP[+1] MP[+2]
Your hp is fully restored (29).
You regained 2 mp, and now have 11/12 mp.
You see here a dart slug corpse.
You see here a dart slug corpse.
o - a scroll labelled FONONE ESAT ๐Ÿ˜Ž MP[+1]
Your mp is fully restored (12).
You see here a +0 helmet.
You now have 217 gold pieces (gained 23).
You see here a dart slug corpse.
An adder comes into view.
An adder is nearby!
An adder is nearby!
An adder is nearby!
Casting: Foxfire (safe; 1% risk of failure)
Confirm with . or Enter, or press ? or * to list all spells.
You feel a surge of power!
You conjure some foxfire!
The adder hisses angrily.
The foxfire hits the adder!
The foxfire hits the adder. ๐Ÿ˜Ž MP[-1]
You lost 1 mp, and now have 11/12 mp.
Casting: Foxfire (safe; 1% risk of failure)
Confirm with . or Enter, or press ? or * to list all spells.
You feel a surge of power!
You conjure some foxfire!
The adder bites you but does no damage.
The foxfire hits the adder.
You kill the adder!
Your Spellcasting skill increases to level 4! ๐Ÿ˜Ž MP[-1]
You see here a +0 dagger of draining. ๐Ÿ˜Ž MP[+3]
Your mp is fully restored (13).
Casting: Foxfire (safe; 1% risk of failure)
Confirm with . or Enter, or press ? or * to list all spells.
You feel a surge of power!
You conjure some foxfire! ๐Ÿ˜Ž MP[-1]
You lost 1 mp, and now have 12/13 mp. 2 gnolls come into view.
The gnoll shouts! x2; You hear a shout! x3 ๐Ÿ˜Ž MP[+1]
Your mp is fully restored (13).
There are monsters nearby!
There are monsters nearby!
There are monsters nearby!
A gnoll comes into view. It is wielding a +0 spear.
The gnoll shouts!
A gnoll bouda comes into view. It is wielding a +1 whip of venom.
A gnoll comes into view. It is wielding a +0 spear.
The gnoll bouda barks out a call to the hunt!
The gnolls pick up the pace!
The gnoll hits you from afar with a +0 spear! ๐Ÿ˜ฎ HP[-8]
You take 8 damage, and now have 21/29 hp.
MASSIVE DAMAGE!! (PAUSE)
The gnoll hits you from afar with a +0 spear. ๐Ÿ˜ฎ HP[-4]
You take 4 damage, and now have 17/29 hp. ๐Ÿ˜ฎ HP[+1]
The gnoll is no longer moving quickly.
Unknown command.
The gnoll is no longer moving quickly.
The gnoll is no longer moving quickly.
You see here a dart slug corpse.
There is a stone staircase leading up here.
Casting: Foxfire (safe; 1% risk of failure)
Confirm with . or Enter, or press ? or * to list all spells.
You feel a surge of power!
Flames lash the gnoll.
The gnoll's fire resistance burns away.
The gnoll hits you from afar with a +0 spear.
* * * LOW HITPOINT WARNING * * *
The gnoll hits you from afar with a +0 spear.
* * * LOW HITPOINT WARNING * * *
๐Ÿ˜จ HP[-9] MP[-2]
You take 9 damage, and now have 9/29 hp.
MASSIVE DAMAGE!! (PAUSE)
You lost 2 mp, and now have 11/13 mp.
The gnoll hits you from afar with a +0 spear!
You die...

Skill      XL: |  1  2  3  4  5 |
---------------+----------------+-----
Conjurations   | 2 3 |  3.3
Fire Magic     | 4 |  4.8
Fighting       | 1 |  1.3
Translocations | 1 |  1.4
Air Magic      | 1 |  1.3
Spellcasting   | 4 |  4.0
Dodging        | |  2.4
Stealth        | |  2.4

Action                   |  1- 3 |  4- 6 || total
-------------------------+-------+-------++-------
Melee: Unarmed           |     2 |     1 ||     3
 Cast: Foxfire           |    62 |    42 ||   104
       Scorch            |     2 |    11 ||    13
       Kindle Blastspark |       |     1 ||     1
Evoke: Wand              |       |     4 ||     4
  Use: Scroll            |       |     5 ||     5
Armor: Robe              |     3 |     4 ||     7
Dodge: Dodged            |    16 |     8 ||    24

Levels and vault maps discovered:
D:1:      heliophobic_arrival_enchanted_forest, layout_loops_corners,
          minmay_misc_feat_alley
D:2:      layout_rooms, dreamdust_ecumenical_altar_grove, uniq_jessica
D:3:      layout_loops_ring, grunt_temple_overflow_forces_of_nature,
          item_on_display_a
D:4:      layout_loops_ring, serial_bayou_pond_a

Notes
Turn   | Place    | Note
-------+----------+-------------------------------------------
     0 | D:1      | kae the Deep Elf Fire Elementalist began the quest for the
                  | Orb.
     0 | D:1      | Reached XP level 1. HP: 10/10 MP: 6/6
     0 | D:1      | magus.rc [v1.11.3]
   385 | D:1      | HP: 2/10 [quokka (4)]
   663 | D:1      | Reached XP level 2. HP: 12/16 MP: 5/8
  1323 | D:2      | Learned a level 2 spell: Scorch
  1330 | D:2      | Reached skill level 2 in Conjurations
  1479 | D:2      | Reached XP level 3. HP: 20/20 MP: 5/9
  1483 | D:2      | Learned a level 3 spell: Kindle Blastsparks
  1549 | D:2      | Found a faded altar of an unknown god.
  1726 | D:2      | Noticed Jessica
  1730 | D:2      | Killed Jessica
  1731 | D:2      | Reached skill level 4 in Fire Magic
  1792 | D:2      | You pick up a book of Alchemy and begin reading...
  1792 | D:2      | You add the spells Sublimation of Blood, Petrify and
                  | Irradiate to your library.
  1809 | D:2      | Reached XP level 4. HP: 21/24 MP: 4/11
  2085 | D:3      | Reached skill level 1 in Fighting
  2124 | D:3      | Found a blossoming altar of Fedhas.
  2301 | D:3      | HP: 6/25 [orc wizard/puff of flame (5)]
  2305 | D:3      | Reached skill level 1 in Translocations
  2305 | D:3      | Reached skill level 1 in Air Magic
  2305 | D:3      | Reached XP level 5. HP: 7/29 MP: 1/12
  2331 | D:3      | Reached skill level 3 in Conjurations
  2338 | D:3      | HP: 6/29 [orc wizard/+0 dagger (4)]
  2634 | D:3      | Found a stormy altar of Qazlal.
  2673 | D:3      | You pick up a book of Hexes and begin reading...
  2673 | D:3      | You add the spells Cause Fear and Discord to your library.
  2702 | D:3      | You pick up a book of Touch and begin reading...
  2702 | D:3      | You add the spells Static Discharge, Sticky Flame and
                  | Dispel Undead to your library.
  3160 | D:4      | Learned a level 3 spell: Inner Flame
  3365 | D:4      | Reached skill level 4 in Spellcasting
  3432 | D:4      | Slain by a gnoll

Vanquished Creatures
  Jessica (D:2)
  4 orc wizards
  5 adders
  A worm (D:2)
  2 dart slugs
  3 orcs
  6 bats
  2 endoplasms (D:1)
  4 giant cockroaches
  6 goblins
  8 hobgoblins
  6 jackals
  3 quokkas
  4 ball pythons
  A frilled lizard (D:3)
  2 kobolds (D:2)
  3 rats
61 creatures vanquished.

Vanquished Creatures (collateral kills)
  A foxfire (D:2)
1 creature vanquished.

Vanquished Creatures (others)
  167 foxfires
  4 fungi (D:2)
  6 plants
177 creatures vanquished.

Grand Total: 239 creatures vanquished

Table legend:
 A = Non-vault XP
 B = Vault XP
 C = Vault XP percentage of total XP
 D = Non-vault monster count
 E = Vault monster count
 F = Vault count percentage of total count
                 A         B        C        D         E       F
            +---------+---------+-------+---------+---------+-------
      Total |     306 |      37 |  10.8 |      60 |       1 |   1.6
            +---------+---------+-------+---------+---------+-------
        D:1 |      32 |       0 |   0.0 |      17 |       0 |   0.0
        D:2 |      32 |      37 |  53.6 |      17 |       1 |   5.6
        D:3 |     173 |       0 |   0.0 |      20 |       0 |   0.0
        D:4 |      69 |       0 |   0.0 |       6 |       0 |   0.0
            +---------+---------+-------+---------+---------+-------

Illustrated notes

Table legend:
 A = Kills in this place as a percentage of kills in entire the game.
 B = Kills by you in this place as a percentage of kills by you in the entire game.
 C = Kills by friends in this place as a percentage of kills by friends in the entire game.
 D = Other kills in this place as a percentage of other kills in the entire game.
 E = Experience gained in this place as a percentage of experience gained in the entire game.
 F = Experience gained in this place divided by the number of levels of this place that you have seen.
                   A       B       C       D       E      F
               +-------+-------+-------+-------+-------+----------------------
         Total | 100.0 | 100.0 |   N/A |   N/A | 100.0 |  85.8
       Dungeon | 100.0 | 100.0 |   N/A |   N/A | 100.0 |  85.8
               +-------+-------+-------+-------+-------+----------------------

Table legend: (Time is in decaauts)
 A = Elapsed time spent in this place.
 B = Non-inter-level travel time spent in this place.
 C = Inter-level travel time spent in this place.
 D = Time resting spent in this place.
 E = Time spent auto-exploring this place.
 F = Levels seen in this place.
 G = Mean time per level.
                   A        B        C        D        E       F      G
               +--------+--------+--------+--------+--------+-----+--------+
         Total |   3430 |   3332 |     98 |     51 |   2819 |   4 |  857.5 |
       Dungeon |   3430 |   3332 |     98 |     51 |   2819 |   4 |  857.5 |
               +--------+--------+--------+--------+--------+-----+--------+

Top non-repeatable levels by time:
     D:1: 1319 daAuts
     D:3: 1083 daAuts
     D:2: 751 daAuts
     D:4: 276 daAuts
